 Dungeon Crawl Stone Soup version 0.24-a0-459-g225fefd530 (webtiles) character file.

Game seed: 2437144840947226694

158 Masnef the Caller (level 5, -3/28 HPs)
             Began as a Deep Elf Summoner on June 30, 2019.
             Slain by a phantom (6 damage)
             ... on level 4 of the Dungeon.
             The game lasted 00:12:11 (6313 turns).

Masnef the Caller (Deep Elf Summoner)               Turns: 6313, Time: 00:12:12

Health: -3/28      AC:  4    Str:  5    XL:     5   Next: 16%
Magic:  9/12       EV: 12    Int: 21    God:
Gold:   83         SH:  9    Dex: 15    Spells: 1/11 levels left

rFire    . . .     SeeInvis .   k - +0 whip (freeze)
rCold    . . .     Gourm    .   h - +0 buckler
rNeg     . . .     Faith    .   a - +1 robe
rPois    .         Spirit   .   (no helmet)
rElec    .         Reflect  +   p - +0 cloak
rCorr    .         Harm     .   (no gloves)
MR       .....                  (no boots)
Stlth    ++........             l - +5 amulet of reflection
HPRegen  0.09/turn              (no ring)
MPRegen  0.13/turn              (no ring)

@: no status effects
A: no striking features
a: no special abilities


You were on level 4 of the Dungeon.
You were not hungry.

You visited 1 branch of the dungeon, and saw 4 of its levels.

You collected 83 gold pieces.

Inventory:

Hand Weapons
 f - a +0 dagger
 k - a +0 whip of freezing (weapon)
Armour
 a - a +1 robe (worn)
 h - a +0 buckler (worn)
 p - a +0 cloak (worn)
Jewellery
 l - a +5 amulet of reflection (around neck)
Scrolls
 b - 3 scrolls of remove curse
 e - 4 scrolls of identify
 j - 2 scrolls of enchant armour
 n - 2 scrolls of amnesia {unknown}
 q - 2 scrolls of fear {unknown}
Potions
 d - 2 potions of flight
 g - 2 potions of lignification {unknown}
 i - a potion of brilliance {unknown}
 m - a potion of curing {unknown}
 o - 2 potions of heal wounds {unknown}
 r - a potion of mutation {unknown}
Comestibles
 c - 3 rations


   Skills:
 - Level 2.4 Dodging
 - Level 2.4 Stealth
 + Level 1.4 Shields
 - Level 3.5 Spellcasting
 - Level 6.2 Summonings
 * Level 1.4 Ice Magic


You had one spell level left.
You knew the following spells:

 Your Spells              Type           Power        Failure   Level  Hunger
a - Summon Small Mammal   Summ           ####         1%          1    None
b - Call Imp              Summ           ####....     1%          2    ##.....
c - Summon Guardian Gole  Hex/Summ       ###.....     14%         3    ###....
d - Summon Ice Beast      Ice/Summ       ###.....     34%         4    ####...

Your spell library contained the following spells:

 Spells                   Type           Power        Failure   Level  Hunger
 Call Canine Familiar     Summ           ####....     4%          3    ###....
 Summon Lightning Spire   Summ/Air       ###.....     43%         4    ####...


Dungeon Overview and Level Annotations

Branches:
Dungeon (4/15)
 Temple: D:4-7

Altars:
Fedhas
Makhleb
Nemelex Xobeh
Qazlal
Sif Muna


Message History

The puff of frost hits the phantom.
The phantom resists.
Your white imp hits the phantom.
Your white imp freezes the phantom.
The phantom completely resists.
You strike the helpless phantom from behind!
You hit the phantom but do no damage.
The phantom is moderately damaged.
The phantom barely misses you.
Your white imp gestures at the phantom.
The puff of frost hits the phantom.
The phantom resists.
Your white imp misses the phantom.
Your white imp hits the phantom.
Your white imp freezes the phantom.
The phantom completely resists.
The phantom hits you but does no damage.
You hit the phantom but do no damage.
The phantom is moderately damaged.
Your white imp disappears in a puff of smoke!
Your white imp gestures at the phantom.
The puff of frost hits the phantom.
The phantom resists.
Your white imp gestures at the phantom.
The puff of frost hits the phantom.
The phantom resists.
The phantom hits you.
You die...

...... ......#.. ##
.....#..
...######......
##§....$..>..#
.............#
###.†....####..# ##
#...#55......... #.
##.##@Woo###..... ..
##..##.###....# ##.
######..###.# #.####
.. ###†..........# ..#
.###...###..######.###
##.........## ..
......###### ..
.........#


oo. .###.....# o.o You could see a phantom, an orc priest, an orc and 2 friendly
white imps.

Vanquished Creatures
  2 adders
  A worm (D:2)
  A dart slug (D:1)
  A leopard gecko (D:3)
  3 orcs (D:3)
  2 giant cockroaches
  3 hobgoblins
  2 jackals
  2 kobolds (D:3)
  A quokka (D:3)
  3 bats
  3 frilled lizards
  3 goblins
  3 rats
30 creatures vanquished.

Vanquished Creatures (collateral kills)
  A hound (D:4)
  Robin (D:3)
  5 adders
  An ooze (D:2)
  5 worms
  A dart slug (D:1)
  4 orcs (D:3)
  3 bats (D:1)
  9 goblins
  5 hobgoblins
  6 jackals
  2 frilled lizards
  2 kobolds (D:1)
  A leopard gecko skeleton (D:3)
  2 rats (D:1)
48 creatures vanquished.

Grand Total: 78 creatures vanquished

Notes
Turn   | Place    | Note
-------+----------+-------------------------------------------
     0 | D:1      | Masnef the Deep Elf Summoner began the quest for the Orb.
     0 | D:1      | Reached XP level 1. HP: 10/10 MP: 6/6
   838 | D:1      | Reached XP level 2. HP: 15/15 MP: 8/8
   842 | D:1      | Learned a level 2 spell: Call Imp
   940 | D:1      | Reached skill level 5 in Summonings
  1832 | D:2      | Reached XP level 3. HP: 7/19 MP: 7/9
  2118 | D:2      | Found a blossoming altar of Fedhas.
  2395 | D:2      | Found a sparkling altar of Nemelex Xobeh.
  2437 | D:2      | Noticed a fire elemental
  2439 | D:2      | Found a stormy altar of Qazlal.
  2441 | D:2      | Noticed an air elemental
  2442 | D:2      | Noticed a water elemental
  2442 | D:2      | Noticed an earth elemental
  2729 | D:2      | Found a deep blue altar of Sif Muna.
  2917 | D:2      | Reached skill level 6 in Summonings
  3144 | D:2      | Learned a level 3 spell: Summon Guardian Golem
  3730 | D:2      | Found a burning altar of Makhleb.
  4203 | D:3      | Reached XP level 4. HP: 11/24 MP: 5/10
  4673 | D:3      | Noticed Robin
  4684 | D:3      | Killed Robin
  5022 | D:3      | Learned a level 4 spell: Summon Ice Beast
  5429 | D:3      | HP: 1/24 [orc/+0 club (5)]
  5764 | D:3      | Reached skill level 1 in Shields
  6121 | D:4      | Reached skill level 1 in Ice Magic
  6182 | D:4      | Reached XP level 5. HP: 19/28 MP: 7/12
  6277 | D:4      | Noticed a phantom
  6313 | D:4      | Slain by a phantom

Levels and vault maps discovered:
D:1:      dpeg_arrival_water_fire, layout_basic
D:2:      layout_basic, old_standard_altar, nicolae_overflow_hidden_temple,
          marbit_many_paths, nicolae_qazlal_style_of_elements
D:3:      layout_loops_corners, uniq_robin
D:4:      layout_rooms, kennysheep_mini, grunt_dithmenos_smoke_and_mirrors

Skill      XL: |  1  2  3  4 |
---------------+-------------+-----
Summonings     | 5 6 |  6.2
Shields        | 1 |  1.4
Ice Magic      | 1 |  1.4
Dodging        | |  2.4
Stealth        | |  2.4
Spellcasting   | |  3.5

Action                   |  1- 3 |  4- 6 || total
-------------------------+-------+-------++-------
Melee: Unarmed           |    15 |       ||    15
       Dagger            |    18 |       ||    18
       Whip              |    56 |   127 ||   183
 Cast: Summon Small Mamm |    15 |       ||    15
       Call Imp          |    27 |    19 ||    46
       Summon Guardian G |     1 |     2 ||     3
  Use: Scroll            |     4 |       ||     4
 Stab: Sleeping          |     6 |     5 ||    11
       Distracted        |     1 |     2 ||     3
  Eat: Chunk             |     9 |     4 ||    13
       Ration            |     1 |     1 ||     2
Armor: Robe              |    12 |    26 ||    38
Dodge: Dodged            |    72 |    64 ||   136
Block: Other             |     3 |     2 ||     5
       Buckler           |       |    63 ||    63
       Reflection        |       |     1 ||     1

Table legend:
 A = Non-vault XP
 B = Vault XP
 C = Vault XP percentage of total XP
 D = Non-vault monster count
 E = Vault monster count
 F = Vault count percentage of total count
                 A         B        C        D         E       F
            +---------+---------+-------+---------+---------+-------
      Total |     208 |      18 |   8.0 |      70 |       8 |  10.3
            +---------+---------+-------+---------+---------+-------
        D:1 |      26 |       0 |   0.0 |      22 |       0 |   0.0
        D:2 |      57 |       2 |   3.4 |      14 |       1 |   6.7
        D:3 |      72 |      16 |  18.2 |      30 |       7 |  18.9
        D:4 |      53 |       0 |   0.0 |       4 |       0 |   0.0
            +---------+---------+-------+---------+---------+-------
